 Dungeon Crawl Stone Soup version 0.31-a0-232-gb1c03b2570 (webtiles) character file.

Game seed: 13692124727961931844

21 benadryl the Magician (level 2, -2/15 HPs)
             Began as a Deep Elf Earth Elementalist on July 7, 2023.
             Slain by Jessica
             ... wielding a +0 club
              (5 damage)
             ... on level 2 of the Dungeon.
             The game lasted 00:01:10 (1018 turns).

benadryl the Magician (Deep Elf Earth Elementalist) Turns: 1018, Time: 00:01:10

Health: -2/15      AC:  2    Str:  5    XL:     2   Next: 65%
Magic:  6/9        EV: 12    Int: 19    God:
Gold:   51         SH:  0    Dex: 15    Spells: 6/9 levels left

rFire   . . .        f - +0 whip (heavy)
rCold   . . .        (no shield)
rNeg    . . .        a - +0 robe
rPois   .            (no helmet)
rElec   .            (no cloak)
rCorr   .            (no gloves)
SInv    .            (no boots)
Will    .....        (no amulet)
Stlth   ++           (no ring)
HPRegen 0.22/turn    (no ring)
MPRegen 0.11/turn

%: no passive effects
@: brilliant, slowed, very slow
A: no striking features
a: no special abilities


You were on level 2 of the Dungeon.
You visited 1 branch of the dungeon, and saw 2 of its levels.

You collected 51 gold pieces.

Inventory:

Hand Weapons
 f - a +0 heavy whip (weapon)
Armour
 a - a +0 robe (worn)
Scrolls
 c - a scroll of identify {@r1}
Potions
 b - a potion of magic
 d - 2 potions of haste
 h - a potion of curing {unknown}
 m - a potion of heal wounds {unknown}


   Skills:
 - Level 2.4 Dodging
 - Level 2.4 Stealth
 * Level 4.1 Spellcasting
 - Level 1.1 Transmutations
 + Level 3.6 Earth Magic


You had 6 spell levels left.
You knew the following spells:

 Your Spells              Type           Power      Damage    Failure   Level
a - Sandblast             Erth           52%        2d12      3%          1
b - Passwall              Tmut/Erth      15%        N/A       8%          2

Your spell library contained the following spells:

 Spells                   Type           Power      Damage    Failure   Level
 Stone Arrow              Conj/Erth      32%        3d9       19%         3
 Petrify                  Tmut/Erth      19%        N/A       45%         4
 Chain Lightning          Conj/Air       2%         3d3       100%        9
 Fire Storm               Conj/Fire      2%         8d1       100%        9
 Shatter                  Erth           13%        3d13*     100%        9


Dungeon Overview and Level Annotations

Branches:
Dungeon (2/15)

Altars:

Annotations:
D:2 Jessica, Natasha


Message History

c - a scroll of identify {@r1} You now have 51 gold pieces (gained 8).
Found a stone staircase leading up.
Found a dagger.
Found a hand axe.
Found a leather armour.
You see here a +0 hand axe.
Jessica the Apprentice Sorceress comes into view.
She is wielding a +0 club.
Jessica shouts!
Jessica moves out of view.
Found a stone staircase leading down.
Natasha, Servant of Life and Death comes into view.
Aiming: Sandblast (safe; 3% risk of failure)
Press: ? - help, Q - select action, (/) - cycle Shift-Dir - straight line, f - Jessica
Aim: Jessica, wielding a +0 club and wearing a +0 robe (82% to hit)
The blast of sand misses Jessica.
Natasha hisses angrily.
A rat comes into view.
Aiming: Sandblast (safe; 3% risk of failure)
Press: ? - help, Q - select action, (/) - cycle Shift-Dir - straight line, f/p - Jessica
Aim: Jessica, wielding a +0 club and wearing a +0 robe (82% to hit)
The blast of sand misses Jessica.
Jessica hits you with a +0 club.
Aiming: Sandblast (safe; 3% risk of failure)
Press: ? - help, Q - select action, (/) - cycle Shift-Dir - straight line, f/p - Jessica
Aim: Jessica, wielding a +0 club and wearing a +0 robe (82% to hit)
The blast of sand hits Jessica.
Jessica is moderately wounded.
Jessica hits you with a +0 club. Natasha closely misses you.
Jessica looks very angry.
Jessica gestures at you while chanting.
You feel yourself slow down.
Unknown command.
Okay, then.
You feel clever all of a sudden. Natasha claws you.
* * * LOW HITPOINT WARNING * * *
Jessica grins evilly.
Jessica hits you with a +0 club.
You die...

****#####..#.......#.######,* *,
* #..#.###.#...#*****,****, *
#..#.# #.#.###*,,,,,,,,,, **
#..#.# #.#.# *,***,****, ,*
#..#.###.#.# *,* *,* *, ,*
#..#...[.#.# *,* *,* *, ,*
***#..........# *,***,** *, **
#.....####..### **,**,,,***,
#.########.@### *,,,,,*,,,,, *,*
#......@h.#***,,*,,,***, *,*
#>####....r.....,,,,,,,, *,***,*
#.##.##....,,,,,,,, *,,,,,*
#.#*..,,...**,***** *******
#.#*###,**.**,*****
#..,,,,,,*,**,*,,,,
**************##*****,,*,,,,,,***
,,,,,,,,,,,,,,,,,,,,,,,****,***


You could see Natasha, Jessica and a rat.

Vanquished Creatures
  A dart slug (D:1)
  2 ball pythons (D:1)
  2 endoplasms (D:1)
  A giant cockroach (D:1)
  A hobgoblin (D:2)
  3 kobolds (D:1)
  3 quokkas (D:1)
  2 bats (D:1)
  2 frilled lizards
  A rat (D:1)
18 creatures vanquished.

Notes
Turn   | Place    | Note
-------+----------+-------------------------------------------
     0 | D:1      | benadryl the Deep Elf Earth Elementalist began the quest
                  | for the Orb.
     0 | D:1      | Reached XP level 1. HP: 10/10 MP: 6/6
   232 | D:1      | Reached XP level 2. HP: 14/15 MP: 4/8
   394 | D:1      | Reached skill level 4 in Spellcasting
   908 | D:2      | Learned a level 2 spell: Passwall
  1011 | D:2      | Noticed Jessica
  1012 | D:2      | Noticed Natasha
  1018 | D:2      | Slain by Jessica

Illustrated notes

Levels and vault maps discovered:
D:1:      dpeg_arrival_short_road, layout_loops_ring
D:2:      layout_loops_ring, uniq_natasha, uniq_jessica

Skill      XL: |  1  2 |
---------------+-------+-----
Spellcasting   | 4 |  4.1
Dodging        | |  2.4
Stealth        | |  2.4
Transmutations | |  1.1
Earth Magic    | |  3.6

Action                     || total
---------------------------++-------
  Melee: Unarmed           ||     4
         Whip              ||    11
   Cast: Sandblast         ||    22
    Use: Scroll            ||     7
         Potion            ||     1
   Stab: Sleeping          ||     1
 Armour: Robe              ||     8
  Dodge: Dodged            ||    18

Table legend: (Time is in decaauts)
 A = Elapsed time spent in this place.
 B = Non-inter-level travel time spent in this place.
 C = Inter-level travel time spent in this place.
 D = Time resting spent in this place.
 E = Time spent auto-exploring this place.
 F = Levels seen in this place.
 G = Mean time per level.
                   A        B        C        D        E       F      G
               +--------+--------+--------+--------+--------+-----+--------+
         Total |   1031 |   1008 |     23 |     29 |    844 |   2 |  515.5 |
       Dungeon |   1031 |   1008 |     23 |     29 |    844 |   2 |  515.5 |
               +--------+--------+--------+--------+--------+-----+--------+

Top non-repeatable levels by time:
     D:1: 875 daAuts
     D:2: 155 daAuts
